 Dungeon Crawl Stone Soup version 0.21-a0-615-g8e08f28 (webtiles) character file.

308 zxpr0jk the Ducker (level 6, -1/42 HPs)
             Began as a Halfling Gladiator on Dec 22, 2017.
             Slain by a gnoll
             ... wielding a +0 spear
              (8 damage)
             ... on level 4 of the Dungeon.
             The game lasted 00:04:18 (2380 turns).

zxpr0jk the Ducker (Halfling Gladiator)             Turns: 2380, Time: 00:04:18

Health: -1/42      AC:  4    Str: 17    XL:     6   Next: 68%
Magic:  6/6        EV: 17    Int:  6    God:
Gold:   225        SH:  0    Dex: 16    Spells: 5/5 levels left

rFire    . . .     SeeInvis .   n - +1 dagger (venom)
rCold    . . .     Gourm    .   (shield restricted)
rNeg     . . .     Faith    .   b - +0 leather armour
rPois    .         Spirit   .   c - +0 helmet
rElec    .         Reflect  .   (no cloak)
rCorr    .         Harm     .   (no gloves)
MR       .....                  (no boots)
Stlth    ++........             (no amulet)
HPRegen  0.14/turn              (no ring)
MPRegen  0.10/turn              (no ring)

@: no status effects
A: small, mutation resistance 1
a: no special abilities


You were on level 4 of the Dungeon.
You were not hungry.

You visited 1 branch of the dungeon, and saw 4 of its levels.

You collected 225 gold pieces.

Inventory:

Hand Weapons
 a - a +0 long sword
 n - a +1 dagger of venom (weapon)
Missiles
 d - 3 throwing nets (quivered)
Armour
 b - a +0 leather armour (worn)
 c - a +0 helmet (worn)
Wands
 t - a wand of acid (3)
 w - a wand of disintegration (11)
Scrolls
 g - 2 scrolls of enchant armour {unknown}
 h - a scroll of magic mapping {unknown}
 k - a scroll of random uselessness {unknown}
 m - 3 scrolls of identify {unknown}
 q - a scroll of immolation {unknown}
 s - 2 scrolls of remove curse {unknown}
 x - a scroll of blinking {unknown}
Potions
 e - 2 potions of curing
 i - a potion of brilliance {unknown}
 j - a potion of resistance {unknown}
 l - a potion of degeneration {unknown}
 o - 2 potions of flight {unknown}
 p - a potion of cancellation {unknown}
 r - a potion of mutation {unknown}
 u - 3 potions of haste
 v - 2 potions of magic {unknown}
 A - 2 potions of berserk rage {unknown}
Comestibles
 f - 11 rations
 z - a chunk of flesh


   Skills:
 + Level 3.3 Fighting
 + Level 4.4 Long Blades
 - Level 2.7 Throwing
 + Level 4.8 Dodging
 * Level 2.0 Stealth


You had 5 spell levels left.
You didn't know any spells.

Dungeon Overview and Level Annotations

Branches:
Dungeon (4/15)
 Temple: D:4-7

Altars:


Innate Abilities, Weirdness & Mutations

You are small and have problems with some larger weapons.
You are somewhat resistant to further mutation.


Message History

A dart slug comes into view.
You hit the gnoll.
The gnoll looks even sicker.
The gnoll is heavily wounded.
The gnoll hits you with a spear! The gnoll barely misses you.
The gnoll hits you from afar with a spear.
You kill the gnoll!
The gnoll closely misses you. The gnoll misses you.
Things that are here:
a spear; a gnoll corpse You hit the gnoll.
The gnoll is poisoned.
The gnoll is moderately wounded.
The gnoll hits you but does no damage.
The gnoll hits you from afar with a spear.
The gnoll barely misses you. The gnoll misses you.
The gnoll hits you from afar with a spear!
* * * LOW HITPOINT WARNING * * *
The gnoll closely misses you.
The gnoll hits you from afar with a spear!
You die...

..# ..... #.# ##....
#.##.[.... ####..)..#
####......†.#
....$.†....##
.####.##<.##
..##.#..###
.......@).#### ##
.####....w...# ...#
##g##)...##....#
#####.Z####........#
.........gZ.....>...#
..#...########.#....#
....## .# ...# ...#
.# [.# ..# .. ##


You could see a gnoll, a dart slug and an adder skeleton.

Vanquished Creatures
  A bullfrog (D:2)
  A centaur zombie (D:3)
  3 worker ants
  A gnoll (D:4)
  4 adders
  2 worms
  A dart slug (D:2)
  3 leopard geckos (D:2)
  2 orcs
  A ball python (D:1)
  3 giant cockroaches
  12 goblins
  12 hobgoblins
  7 jackals (D:1)
  4 bats (D:1)
  9 frilled lizards
  10 kobolds
  9 rats
85 creatures vanquished.

Notes
Turn   | Place    | Note
-------+----------+-------------------------------------------
     0 | D:1      | zxpr0jk the Halfling Gladiator began the quest for the Orb.
     0 | D:1      | Reached XP level 1. HP: 14/14 MP: 1/1
    20 | D:1      | Reached XP level 2. HP: 12/19 MP: 2/2
   276 | D:1      | Reached XP level 3. HP: 22/24 MP: 3/3
  1011 | D:2      | Reached XP level 4. HP: 29/29 MP: 4/4
  1144 | D:2      | Reached XP level 5. HP: 19/35 MP: 5/5
  1562 | D:2      | Noticed a bullfrog
  1571 | D:2      | Killed a bullfrog
  1946 | D:3      | Reached XP level 6. HP: 42/42 MP: 6/6
  2032 | D:3      | Reached skill level 1 in Stealth
  2380 | D:4      | Slain by a gnoll

Vault maps used:
D:1:      dpeg_arrival_shelter
D:2:      cheibrodos_greedy_goblins, first_ration
D:4:      lemuel_crystal_altar, minmay_temple_entry_purple_smoke, led_sif_pool

Skill      XL: |  1  2  3  4  5  6 |
---------------+-------------------+-----
Fighting       | 2 3 |  3.3
Dodging        | 4 |  4.8
Long Blades    | 4 |  4.4
Stealth        | 2 |  2.0
Throwing       | |  2.7

Action                   |  1- 3 |  4- 6 || total
-------------------------+-------+-------++-------
Melee: Long sword        |    72 |     2 ||    74
       Dagger            |     5 |   153 ||   158
  Use: Potion            |     1 |       ||     1
 Stab: Sleeping          |       |     1 ||     1
  Eat: Chunk             |       |     5 ||     5
Armor: Leather armour    |    37 |    23 ||    60
Dodge: Dodged            |   111 |   115 ||   226
       Rpst.: Long sword |    43 |     1 ||    44

Table legend:
 A = Spawn XP
 B = Non-spawn XP
 C = Spawn XP percentage of total XP
 D = Spawn monster count
 E = Non-spawn monster count
 F = Spawn count percentage of total count
 G = Total turns spent on level
                    A         B        C        D         E        F      G
               +---------+---------+-------+---------+---------+-------+---------
         Total |       0 |     440 |   0.0 |       0 |      85 |   0.0 |  2380
               +---------+---------+-------+---------+---------+-------+---------
           D:1 |       0 |      48 |   0.0 |       0 |      30 |   0.0 |   700
           D:2 |       0 |     204 |   0.0 |       0 |      27 |   0.0 |  1194
           D:3 |       0 |     137 |   0.0 |       0 |      24 |   0.0 |   439
           D:4 |       0 |      51 |   0.0 |       0 |       4 |   0.0 |    47
               +---------+---------+-------+---------+---------+-------+---------
